 Dungeon Crawl Stone Soup version 0.17-a0-1941-gcc30b76 (webtiles) character file.

342558 Kusio the Shatterer (level 22, -17/384 HPs)
             Began as an Ogre Berserker on Sept 30, 2015.
             Was a High Priest of Trog.
             Demolished by a death ooze (26 damage)
             ... created by the royal jelly
             ... on level 6 of the Pits of Slime.
             The game lasted 04:18:21 (54224 turns).

Kusio the Shatterer (Ogre Berserker)               Turns: 54224, Time: 04:18:21

Health: -17/384    AC: -1    Str: 37    XL:     22   Next: 3%
Magic:  42/42      EV: 20    Int:  4    God:    Trog [*****.]
Gold:   3430       SH:  0    Dex: 20    Spells: 0 memorised, 21 levels left

rFire  + + +     SeeInvis .     J - +10 giant spiked club of Trog's Pride {holy, rC+ Str+4 Int-2 Dex+2}
rCold  . . .     Clarity  .     C - +0 troll leather armour
rNeg   + . .     SustAt   .     (no shield)
rPois  +         Gourm    .     z - +2 hat "Liriggo" {+Inv rCorr Dex+2}
rElec  +         Spirit   .     u - +0 cloak
rCorr  +         Warding  .     (gloves unavailable)
rMut   +         Stasis   .     (boots unavailable)
MR     ++++.                    V - amulet of Summertime {rMut rF+ rC+}
Stlth  ..........               s - ring "Acsighau" {Fire rElec}
                                Z - ring of Boadodd {Fire rPois rN+ MP+9}

@: mighty, berserking, corroded equipment, very slightly contaminated,
regenerating, hasted, very quick, incredibly resistant to hostile enchantments,
extremely unstealthy
A: unfitting armour, horns 1, breathe flames 1, tough skin 1
a: Burn Spellbooks, Berserk, Trog's Hand, Brothers in Arms, Renounce Religion,
Breathe Fire, Evoke Invisibility
}: 2/15 runes: serpentine, abyssal


You were on level 6 of the Pits of Slime.
You worshipped Trog.
Trog was extremely pleased with you.
You were not hungry.

You visited 7 branches of the dungeon, and saw 43 of its levels.
You visited the Abyss 2 times.
You visited 1 bazaar.

You collected 4690 gold pieces.
You spent 1260 gold pieces at shops.

Inventory:

Hand weapons
 a - a +0 blowgun
 g - the +5 giant spiked club of Orb Guardian's Regret {freeze, rElec MR+}
   (Trog gifted it to you on level 1 of the Pits of Slime)

   It has been specially enchanted to freeze those struck by it, causing extra
   injury to most foes and up to half again as much damage against particularly
   susceptible opponents.
   It can also slow down cold-blooded creatures.
   It insulates you from electricity.
   It affects your resistance to hostile enchantments.
 J - the +10 giant spiked club of Trog's Pride (weapon) {holy, rC+ Str+4 Int-2 Dex+2}
   (Trog gifted it to you on level 11 of the Dungeon)

   It has been blessed by the Shining One to cause great damage to the undead
   and demons.
   It affects your strength (+4).
   It affects your intelligence (-2).
   It affects your dexterity (+2).
   It protects you from cold.
 L - a +9 antimagic giant club
Missiles
 j - 8 poisoned javelins
 k - 5 steel javelins
 p - 9 curare-tipped needles
 M - 22 large rocks (quivered)
Armour
 u - a +0 cloak (worn)
 z - the +2 hat "Liriggo" (worn) {+Inv rCorr Dex+2}
   (You found it on level 3 of the Snake Pit)

   It affects your dexterity (+2).
   It lets you turn invisible.
   It protects you from acid and corrosion.
 C - a +0 troll leather armour (worn)
Rods
 K - a +0 rod of clouds (6/11)
   (You found it on level 3 of the Elven Halls)
Jewellery
 s - the ring "Acsighau" (right hand) {Fire rElec}
   (You found it on level 3 of the Elven Halls)

   [ring of fire]

   It enhances your fire magic, and weakens your ice magic.
   It protects you from fire.
   It makes you vulnerable to cold.
   It insulates you from electricity.
 V - the amulet of Summertime (around neck) {rMut rF+ rC+}
   (You found it on level 3 of the Elven Halls)

   [amulet of resist mutation]

   It protects you from mutation.
   It protects you from fire.
   It protects you from cold.
 Z - the ring of Boadodd (left hand) {Fire rPois rN+ MP+9}
   (You found it on level 3 of the Elven Halls)

   [ring of fire]

   It enhances your fire magic, and weakens your ice magic.
   It protects you from fire.
   It makes you vulnerable to cold.
   It protects you from poison.
   It protects you from negative energy.
   It affects your magic capacity (+9).
Magical devices
 i - a wand of teleportation (7)
 y - a wand of heal wounds (5)
 D - a wand of draining (8)
 P - a wand of hasting (4)
Scrolls
 e - 11 scrolls of remove curse
 f - a scroll of recharging
 h - 8 scrolls of teleportation
 o - 2 scrolls of enchant weapon
 r - 6 scrolls of fear
 I - a scroll of blinking
Potions
 m - a potion of heal wounds
 q - 3 potions of agility
 H - 2 potions of might
 O - 9 potions of curing
Miscellaneous
 c - a disc of storms
 A - a stone of tremors
Comestibles
 b - 4 meat rations
 d - 11 royal jellies


   Skills:
 + Level 22.3 Fighting
 - Level 24.0 Maces & Flails
 - Level 12.0 Throwing
 - Level 10.0 Armour
 + Level 12.9 Dodging
   Level 5.0 Shields
 - Level 15.0 Evocations


You had 21 spell levels left.
You didn't know any spells.

Dungeon Overview and Level Annotations

Branches:
Dungeon (15/15)            Temple (0/1) D:6            Lair (8/8) D:8
 Shoals (0/4) Lair:3        Snake (4/4) Lair:3        Slime (6/6) Lair:8
    Orc (4/4) D:11            Elf (3/3) Orc:3        Vaults (0/5) D:14
 Depths (3/5) D:15

Altars:
Ashenzari
Dithmenos
Elyvilon
Fedhas
Gozag
Kikubaaqudgha
Okawaru
Qazlal
Xom
The Shining One
Beogh

Shops:
Orc:3 :(:   Orc:4 =[(*[   Elf:3 *   Depths:3 }

Portals:
Abyss: Depths:1

Annotations:
D:6 Eustachio
Slime:6 Royal Jelly
Elf:2 5 runed doors


Innate Abilities, Weirdness & Mutations

You are too large for most types of armour.
You have tough skin (AC +1).
You have a pair of small horns on your head.
You can breathe flames.


Message History

A slime creature comes into view.
Press: ? - help, v - describe, . - travel
Here: the royal jelly (severely wounded, lightly drained)
The floor, spattered with blood.
Your hill giant hits the death ooze with a giant spiked club!!
The death ooze completely misses you. The death ooze hits you!
* * * LOW HITPOINT WARNING * * *
The acid blob hits you!!
* * * LOW HITPOINT WARNING * * *
You are splashed with acid!
The acid burns!
You resist.
* * * LOW HITPOINT WARNING * * *
Your jelly barely misses the royal jelly.
The acid blob hits your hill giant!!
Your hill giant dies!
Your hill giant's corpse disappears in a puff of smoke!
You feel a strong urge to attack something.
The acid blob misses you. The death ooze hits you!
* * * LOW HITPOINT WARNING * * *
The death ooze hits you!!
You die...

###.#####..J..............#
#. ##.J...............
##..................#
##..J.J............#
#...§J............##
###.JJ.J...........#
##JJJJJ...........##.
#.JJJJ..............#
##..@J...............
.##...................
#......................
###....................
#....................
#...................#
#....................
#....................#
#.....................#


You could see the royal jelly, 5 acid blobs, 3 azure jellies, a slime creature,
6 death oozes and a friendly jelly.

Vanquished Creatures
  An ancient lich (Abyss:1)
  2 bone dragons
  A lich (Abyss:2)
  2 deep elf blademasters (Elf:3)
  2 deep elf master archers (Elf:3)
  2 Executioners
  12 acid blobs
  3 tentacled starspawn
  A tengu reaver (Depths:2)
  14 greater nagas
  A storm dragon (Depths:3)
  10 azure jellies
  An orc warlord (Orc:4)
  Wiglaf (Depths:2)
  A fire giant (Depths:2)
  2 frost giants
  A balrug (Abyss:2)
  8 deep elf sorcerers
  The ghost of Hanibal the Unseen, a mighty KoBe of Trog (Orc:4)
  Aizul (Snake:3)
  Louise (Snake:3)
  A cacodemon (Abyss:2)
  A reaper (Abyss:3)
  3 stone giants
  An ophan (Abyss:2)
  Nessos (D:12)
  5 deep elf demonologists (Elf:3)
  8 deep elf annihilators
  2 eidola (Abyss:2)
  2 deep elf death magi (Elf:3)
  The ghost of Kusio the Bludgeoner, a powerful OgBe of Trog (D:10)
  A death ooze (Slime:6)
  3 deep elf high priests (Elf:3)
  2 fire dragons
  4 great orbs of eyes
  Harold (Lair:3)
  2 centaur warriors
  5 hydras
  An entropy weaver (Depths:1)
  18 anacondas
  2 ogre magi (D:15)
  14 naga warriors
  Erolcha (D:12)
  The ghost of Yendor the Cleaver, an experienced MiFi of Qazlal (Lair:1)
  A deep troll shaman (Depths:2)
  A rakshasa (Depths:2)
  9 thrashing horrors
  2 deep troll earth magi
  3 dancing weapons (Elf:2)
  A tengu warrior (D:13)
  8 death yaks
  15 naga sharpshooters
  15 deep elf knights
  14 shock serpents
  A sun demon (Abyss:2)
  An iron troll (Depths:2)
  5 wretched stars
  An ice devil (Abyss:2)
  2 salamander mystics (Snake:3)
  2 spatial maelstroms (Abyss:2)
  10 deep trolls
  A flayed ghost (Abyss:2)
  9 deep elf summoners
  A wizard (D:15)
  The ghost of Ordine the Magician, an experienced GrEE (D:7)
  10 naga ritualists
  4 hill giants
  A necromancer (D:14)
  9 unseen horrors
  An orc knight (Orc:4)
  An orb spider (shapeshifter) (Elf:3)
  A lindwurm (Lair:8)
  A shadow dragon zombie (Abyss:1)
  4 griffons
  8 shining eyes
  11 deep elf conjurers
  2 worldbinders (Abyss:2)
  An oklob plant (Lair:7)
  A wolf spider (Lair:8)
  13 salamanders
  102 slime creatures
  A hornet (shapeshifter) (D:14)
  9 mana vipers
  6 ugly things
  4 cyclopes
  53 black mambas
  4 orc sorcerers
  2 sixfirhies
  3 eyes of devastation
  2 sirens (Lair:3)
  2 centaur zombies
  15 guardian serpents
  A black mamba (shapeshifter) (Depths:3)
  A smoke demon (Abyss:3)
  Psyche (D:8)
  4 gargoyles
  27 naga magi
  24 spiny frogs
  A komodo dragon (shapeshifter) (D:15)
  3 orange demons (Abyss:2)
  7 komodo dragons
  3 kobold demonologists (D:14)
  A tormentor (Abyss:2)
  5 yaktaurs
  A hellwing (Abyss:2)
  6 ancient zymes (Abyss:2)
  2 merfolk (Lair:3)
  2 red devils (Abyss:2)
  A tengu conjurer (D:13)
  7 fire drakes
  8 deep elf priests
  9 polar bears
  16 trolls
  2 boulder beetles (Lair:7)
  5 two-headed ogres
  14 blink frogs
  3 raiju (Lair:8)
  An air elemental (Abyss:2)
  2 wraiths
  2 redbacks
  18 starcursed masses
  2 vampires
  2 ynoxinuls
  27 deep elf magi
  4 wyverns
  A flying skull (Abyss:2)
  31 deep elf fighters
  46 yaks
  2 basilisks
  5 water elementals
  2 chaos spawn
  13 hippogriffs
  Grum (D:8)
  A basilisk (shapeshifter) (Depths:2)
  4 fire bats (Abyss:3)
  A hungry ghost (D:10)
  2 vampire mosquitoes (D:15)
  2 mottled dragons
  3 neqoxecs
  2 spatial vortices (Abyss:2)
  26 wolves
  15 large abominations
  7 swamp worms (Lair:2)
  2 soldier ants (shapeshifter)
  61 nagas
  A soldier ant (D:14)
  2 hell hounds (Lair:8)
  5 sky beasts
  2 necrophages (D:8)
  11 porcupines
  8 wargs
  A swamp drake (D:11)
  5 ice beasts
  34 water moccasins
  5 spiders (Lair:8)
  28 orc warriors
  14 black bears
  3 phantoms
  7 wasps
  8 eyes of draining
  13 small abominations
  5 centaurs
  18 crocodiles
  19 ogres
  19 giant frogs
  5 big kobolds
  A wyvern zombie (D:14)
  A gnoll sergeant (D:7)
  2 brain worms
  2 wyvern skeletons
  A water moccasin skeleton (D:12)
  5 killer bees
  A scorpion (D:7)
  3 electric eels
  A giant frog zombie (D:11)
  42 jellies
  7 wights
  10 crimson imps
  23 hounds
  24 orc priests
  24 orc wizards
  Crazy Yiuf (D:3)
  2 giant frog skeletons
  A gnoll shaman (D:8)
  An iron imp (Abyss:2)
  A quasit (D:12)
  4 centaur skeletons
  4 hell rats (Lair:4)
  Jessica (D:3)
  9 iguanas
  7 worker ants
  23 sheep
  2 hound skeletons
  2 worker ant zombies
  Robin (D:2)
  28 adders
  14 gnolls
  61 river rats
  2 white imps (Abyss:2)
  3 shadow imps
  19 oozes
  An adder skeleton (D:9)
  An adder zombie (D:6)
  16 worms
  4 giant geckos
  172 orcs
  A ball python (D:4)
  2 bats (D:1)
  3 giant cockroaches
  18 goblins
  9 hobgoblins
  14 jackals
  4 quokkas
  2 giant gecko skeletons
  5 giant newts
  23 kobolds
  2 quokka skeletons
  10 rats
  2 crawling corpses (Elf:2)
  5 fungi
  2 lurking horrors
  13 plants
  A starspawn tentacle (Abyss:2)
1817 creatures vanquished.

Vanquished Creatures (collateral kills)
  2 azure jellies
  2 deep elf demonologists (Elf:3)
  A deep elf annihilator (Elf:3)
  A naga warrior (Snake:4)
  A deep troll shaman (Depths:2)
  3 deep troll earth magi
  An orc high priest (Orc:4)
  A shock serpent (Snake:2)
  A thrashing horror (Abyss:3)
  A deep elf knight (Elf:2)
  4 naga sharpshooters
  Sonja (D:10)
  A wretched star (Abyss:3)
  An unseen horror (Abyss:3)
  A shadow demon (Abyss:3)
  A salamander mystic (Snake:2)
  A deep troll (Depths:3)
  2 naga ritualists (Snake:4)
  An orc knight (Orc:4)
  A slime creature (Slime:5)
  2 black mambas
  4 salamanders
  An orc sorcerer (Orc:4)
  2 guardian serpents (Snake:4)
  A large abomination (Abyss:3)
  A chaos spawn (Abyss:3)
  8 nagas
  A centaur (D:11)
  6 orc warriors
  A swamp dragon skeleton (Abyss:3)
  4 killer bees (D:11)
  3 orc wizards
  2 orc priests
  A hound (D:11)
  3 river rats (Lair:3)
  15 orcs
83 creatures vanquished.

Vanquished Creatures (others)
  An anaconda (Snake:4)
  2 yaktaurs (Depths:1)
  2 polar bears (Lair:8)
  2 redbacks (Depths:1)
  A tarantella (Depths:1)
  A deep elf fighter (Elf:2)
  A naga (Snake:3)
  A killer bee (Depths:2)
  3 orcs (Orc:4)
  14 fungi
  A lurking horror (Abyss:3)
  21 plants
  8 starspawn tentacles
  167 starspawn tentacle segments (Abyss:2)
225 creatures vanquished.

Grand Total: 2125 creatures vanquished

Notes
Turn   | Place    | Note
--------------------------------------------------------------
     0 | D:1      | Kusio the Ogre Berserker began the quest for the Orb.
     0 | D:1      | Reached XP level 1. HP: 24/24 MP: 1/1
   194 | D:1      | Reached XP level 2. HP: 21/32 MP: 2/2
   366 | D:1      | Reached skill level 5 in Maces & Flails
   932 | D:2      | Reached XP level 3. HP: 39/39 MP: 3/3
   938 | D:2      | Reached skill level 6 in Maces & Flails
  1114 | D:2      | Noticed Robin
  1121 | D:2      | Reached XP level 4. HP: 40/48 MP: 4/4
  1133 | D:2      | Acquired Trog's second power
  1142 | D:2      | Killed Robin
  1684 | D:3      | Reached skill level 7 in Maces & Flails
  1816 | D:3      | Reached XP level 5. HP: 51/54 MP: 5/5
  1947 | D:3      | Noticed a hippogriff
  1951 | D:3      | Reached skill level 8 in Maces & Flails
  1957 | D:3      | Killed a hippogriff
  1957 | D:3      | Reached skill level 9 in Maces & Flails
  1957 | D:3      | Reached XP level 6. HP: 62/62 MP: 6/6
  2015 | D:3      | Noticed Jessica
  2020 | D:3      | Killed Jessica
  2078 | D:3      | Noticed Crazy Yiuf
  2085 | D:3      | Killed Crazy Yiuf
  2684 | D:4      | Reached skill level 10 in Maces & Flails
  2684 | D:4      | Reached XP level 7. HP: 58/70 MP: 7/7
  2994 | D:5      | Entered Level 5 of the Dungeon
  3382 | D:5      | Reached skill level 11 in Maces & Flails
  3407 | D:5      | Found an ancient bone altar of Kikubaaqudgha.
  3407 | D:5      | Found an iron altar of Okawaru.
  3408 | D:5      | Found a glowing golden altar of the Shining One.
  3512 | D:5      | Found an opulent altar of Gozag.
  3855 | D:5      | Reached XP level 8. HP: 30/78 MP: 8/8
  4325 | D:6      | Reached skill level 12 in Maces & Flails
  4449 | D:6      | Found a staircase to the Ecumenical Temple.
  4520 | D:6      | Reached skill level 13 in Maces & Flails
  4751 | D:6      | Reached skill level 14 in Maces & Flails
  4820 | D:6      | Reached XP level 9. HP: 64/84 MP: 9/9
  4871 | D:6      | Noticed Eustachio
  5136 | D:6      | Acquired Trog's third power
  5293 | D:7      | Gained mutation: You have a pair of small horns on your head. [potion of beneficial mutation]
  5354 | D:7      | Noticed Ordine's ghost (experienced GrEE)
  5390 | D:7      | Killed Ordine's ghost
  5390 | D:7      | Reached skill level 15 in Maces & Flails
  5634 | D:7      | Found a stormy altar of Qazlal.
  5775 | D:7      | Reached skill level 16 in Maces & Flails
  6427 | D:8      | Reached XP level 10. HP: 82/92 MP: 10/10
  6442 | D:8      | Reached skill level 17 in Maces & Flails
  6494 | D:8      | Found a shattered altar of Ashenzari.
  6527 | D:8      | Found a shadowy altar of Dithmenos.
  6531 | D:8      | Noticed Psyche
  6537 | D:8      | Killed Psyche
  6637 | D:8      | Found a staircase to the Lair.
  6926 | D:8      | Noticed Grum
  6941 | D:8      | Killed Grum
  6944 | D:8      | Reached skill level 5 in Fighting
  6945 | D:8      | Found a blossoming altar of Fedhas.
  7227 | D:9      | Found a runed door.
  7234 | D:9      | Found a runed door.
  7239 | D:9      | Noticed a cyan ugly thing
  7256 | D:9      | Killed a cyan ugly thing
  7314 | D:9      | Reached skill level 5 in Dodging
  7379 | D:9      | Reached XP level 11. HP: 110/110 MP: 11/11
  7459 | D:9      | Found a shimmering altar of Xom.
  7797 | D:10     | Entered Level 10 of the Dungeon
  7822 | D:10     | Noticed Sonja
  7833 | D:10     | Killed Sonja
  7940 | D:10     | Noticed a hill giant
  7945 | D:10     | Noticed Kusio's ghost (powerful OgBe)
  7950 | D:10     | Killed a hill giant
  7958 | D:10     | Killed Kusio's ghost
  8179 | D:10     | Noticed an unseen horror
  8188 | D:10     | Killed an unseen horror
  8188 | D:10     | Reached skill level 10 in Fighting
  8613 | D:11     | Received a gift from Trog
  8614 | D:11     | Got a shimmering giant spiked club {god gift}
  8615 | D:11     | Identified the +10 giant spiked club of Trog's Pride {holy, rC+ Str+4 Int-2 Dex+2} (Trog gifted it to you on level 11 of the Dungeon)
  8871 | D:11     | Noticed a hill giant
  8877 | D:11     | Killed a hill giant
  8877 | D:11     | Reached skill level 18 in Maces & Flails
  9114 | D:11     | Found a staircase to the Orcish Mines.
  9434 | D:11     | Reached XP level 12. HP: 97/127 MP: 12/12
  9793 | D:11     | Reached skill level 19 in Maces & Flails
  9948 | D:12     | Found a flickering gateway to a bazaar.
  9956 | Bazaar   | Entered a bazaar
  9970 | Bazaar   | Found Pecrom's Antique Armour Emporium.
  9985 | Bazaar   | Found Xetoc's Magic Scroll Shoppe.
  9985 | Bazaar   | Found Efiojuwni's Gadget Emporium.
 10004 | Bazaar   | Found Baidafeg's Book Shoppe.
 10004 | Bazaar   | Found Vycuumyr's Weapon Emporium.
 10139 | D:12     | Received a gift from Trog
 10186 | D:12     | Noticed Erolcha
 10192 | D:12     | Killed Erolcha
 10510 | D:12     | Reached skill level 20 in Maces & Flails
 10744 | D:12     | Noticed Nessos
 10751 | D:12     | Killed Nessos
 11071 | D:12     | Received a gift from Trog
 11291 | Lair:1   | Entered Level 1 of the Lair of Beasts
 11291 | Lair:1   | Noticed a seven-headed hydra
 11300 | Lair:1   | Killed a seven-headed hydra
 11361 | Lair:1   | Reached skill level 21 in Maces & Flails
 11504 | Lair:1   | Noticed Yendor's ghost (experienced MiFi)
 12202 | Lair:1   | Killed Yendor's ghost
 12202 | Lair:1   | Reached XP level 13. HP: 104/135 MP: 13/13
 12422 | Lair:2   | Reached skill level 22 in Maces & Flails
 12801 | Lair:2   | Received a gift from Trog
 13833 | Lair:2   | Identified the Reference Book on the Snowflakes
 14209 | Lair:3   | Found a staircase to the Shoals.
 14365 | Lair:3   | Noticed Harold
 14383 | Lair:3   | Killed Harold
 14383 | Lair:3   | Reached skill level 23 in Maces & Flails
 14792 | Lair:3   | Found a staircase to the Snake Pit.
 14816 | Snake:1  | Entered Level 1 of the Snake Pit
 16333 | Lair:5   | Reached skill level 24 in Maces & Flails
 16333 | Lair:5   | Reached XP level 14. HP: 143/143 MP: 14/14
 16345 | Lair:5   | Received a gift from Trog
 16346 | Lair:5   | Got a bone giant club {god gift}
 16347 | Lair:5   | Identified the +1 giant club of Domination {crush, rC++} (Trog gifted it to you on level 5 of the Lair of Beasts)
 17570 | Lair:6   | Got a bound turquoise ring
 17576 | Lair:6   | Identified the ring of Efoyd {+Fly rPois rF- rN+ Int+7} (You found it on level 6 of the Lair of Beasts)
 18310 | Lair:8   | Entered Level 8 of the Lair of Beasts
 18310 | Lair:8   | Found a staircase to the Slime Pits.
 19023 | Lair:7   | Reached skill level 1 in Throwing
 19231 | Lair:7   | Received a gift from Trog
 19390 | Lair:7   | Received a gift from Trog
 20016 | Lair:8   | Reached XP level 15. HP: 153/163 MP: 15/15
 20024 | Lair:8   | Reached skill level 10 in Dodging
 20112 | Lair:8   | Reached skill level 5 in Throwing
 20497 | Lair:8   | Received a gift from Trog
 20926 | Lair:8   | Received a gift from Trog
 20963 | Lair:8   | Got a crude mace
 20964 | Lair:8   | Identified the +8 mace of Drought {venom, +Inv rC+ Str+2 Int-3} (You found it on level 8 of the Lair of Beasts)
 21111 | Lair:8   | Reached skill level 1 in Evocations
 21634 | Orc:1    | Entered Level 1 of the Orcish Mines
 21640 | Orc:1    | Received a gift from Trog
 21716 | Orc:1    | Received a gift from Trog
 22167 | Orc:2    | Received a gift from Trog
 22482 | Orc:3    | Found Murreo's Book Shoppe.
 22523 | Orc:3    | Found Bangiakhlai's Antique Weapon Emporium.
 22769 | Orc:3    | Found Atate's Book Boutique.
 22923 | Orc:3    | Found a staircase to the Elven Halls.
 23074 | Orc:4    | Entered Level 4 of the Orcish Mines
 23097 | Orc:4    | Received a gift from Trog
 23109 | Orc:4    | Found a roughly hewn altar of Beogh.
 23159 | Orc:4    | Found a roughly hewn altar of Beogh.
 23174 | Orc:4    | Found a roughly hewn altar of Beogh.
 23191 | Orc:4    | Found a roughly hewn altar of Beogh.
 23230 | Orc:4    | Found a roughly hewn altar of Beogh.
 23250 | Orc:4    | Found Mialog's Assorted Antiques.
 23260 | Orc:4    | Bought a scroll of identify for 56 gold pieces
 23260 | Orc:4    | Bought a scroll labeled ZEET NOIBOOTI for 28 gold pieces
 23451 | Orc:4    | Found a roughly hewn altar of Beogh.
 23463 | Orc:4    | Found Saablozu's Armour Emporium.
 23573 | Orc:4    | Noticed Hanibal's ghost (mighty KoBe)
 23594 | Orc:4    | Killed Hanibal's ghost
 23833 | Orc:4    | Found Cifrur's Jewellery Shop.
 23895 | Orc:4    | Found a roughly hewn altar of Beogh.
 24031 | Orc:4    | Received a gift from Trog
 24280 | Orc:4    | Found Foson's Antique Armour Emporium.
 24460 | Orc:4    | Found a roughly hewn altar of Beogh.
 24461 | Orc:4    | Found Rialuroopn's Antique Weapon Shoppe.
 24567 | Orc:4    | Found a roughly hewn altar of Beogh.
 24835 | Orc:4    | Bought a shiny mottled dragon armour for 1120 gold pieces
 25576 | Snake:1  | You fall through a shaft!
 26210 | Snake:1  | Reached skill level 5 in Evocations
 26262 | Snake:1  | Reached XP level 16. HP: 131/172 MP: 13/19
 26278 | Snake:1  | Reached skill level 10 in Throwing
 26384 | Snake:1  | Received a gift from Trog
 29316 | Snake:2  | Received a gift from Trog
 29707 | Snake:2  | Noticed a greater naga
 29720 | Snake:2  | Killed a greater naga
 30640 | Snake:3  | Noticed Aizul
 30650 | Snake:3  | Killed Aizul
 30982 | Snake:3  | Got a fine hat
 30988 | Snake:3  | Identified the +2 hat "Liriggo" {+Inv rCorr Dex+2} (You found it on level 3 of the Snake Pit)
 31011 | Snake:3  | Reached skill level 1 in Armour
 31385 | Snake:3  | Found a stormy altar of Qazlal.
 31870 | Snake:4  | Entered Level 4 of the Snake Pit
 31874 | Snake:4  | Reached XP level 17. HP: 180/180 MP: 23/23
 31878 | Snake:4  | Received a gift from Trog
 32354 | Snake:3  | Noticed Louise
 32368 | Snake:3  | Killed Louise
 32432 | Snake:3  | Received a gift from Trog
 32921 | Snake:4  | Found a white marble altar of Elyvilon.
 32931 | Snake:4  | Gained mutation: You can breathe flames. [potion of beneficial mutation]
 33404 | Snake:4  | Received a gift from Trog
 34823 | Snake:4  | Reached skill level 5 in Armour
 35270 | Snake:4  | Received a gift from Trog
 35595 | Snake:4  | Reached skill level 15 in Fighting
 35826 | Snake:4  | HP: 1/184 [shock serpent (12)]
 36887 | Snake:4  | Reached skill level 10 in Evocations
 37456 | Snake:4  | Reached XP level 18. HP: 119/193 MP: 25/25
 38577 | Snake:4  | Received a gift from Trog
 38912 | Snake:4  | Received a gift from Trog
 38913 | Snake:4  | Got a blackened giant spiked club {god gift}
 38914 | Snake:4  | Identified the +7 giant spiked club of Megalomania {freeze, *Confuse Dex+5} (Trog gifted it to you on level 4 of the Snake Pit)
 39412 | Snake:4  | Got a serpentine rune of Zot
 39885 | D:13     | Noticed a tengu warrior
 39897 | D:13     | Killed a tengu warrior
 40971 | D:14     | Received a gift from Trog
 40992 | D:14     | Found a gate to the Vaults.
 41316 | D:14     | Received a gift from Trog
 41585 | D:15     | Entered Level 15 of the Dungeon
 41688 | D:15     | Got a ripped robe
 42013 | D:15     | Found a staircase to the Depths.
 42372 | D:15     | Identified the +1 robe "Cehyggit" {rPois rCorr Int+2} (You found it on level 15 of the Dungeon)
 42886 | Depths:1 | Entered Level 1 of the Depths
 43510 | Depths:2 | Noticed Wiglaf
 43538 | Depths:2 | Killed Wiglaf
 43550 | Depths:2 | Received a gift from Trog
 44118 | Depths:3 | Found Toihuep's Gadget Emporium.
 44149 | Depths:3 | Reached XP level 19. HP: 146/209 MP: 20/27
 44327 | Depths:2 | Noticed a lich
 44549 | Depths:3 | Received a gift from Trog
 44870 | Depths:2 | Got a sparkling copper ring
 44919 | Depths:1 | Found a one-way gate to the infinite horrors of the Abyss.
 45039 | D:14     | Received a gift from Trog
 45207 | Lair:1   | Identified the ring of the Seeker {+/*Tele rC+ MP-9 Dex+8} (You took it off a tengu reaver on level 2 of the Depths)
 45319 | Elf:1    | Entered Level 1 of the Elven Halls
 45469 | Elf:1    | Received a gift from Trog
 45857 | Elf:1    | Reached skill level 1 in Shields
 45978 | Elf:1    | You fall through a shaft!
 46045 | Elf:2    | Received a gift from Trog
 46678 | Elf:1    | Received a gift from Trog
 47125 | Elf:3    | Entered Level 3 of the Elven Halls
 47454 | Elf:2    | Found a huge runed gate.
 47454 | Elf:2    | Found a huge runed gate.
 47454 | Elf:2    | Found a huge runed gate.
 47463 | Elf:2    | Found a huge runed gate.
 47463 | Elf:2    | Found a huge runed gate.
 47740 | Elf:3    | Found Uczumih's General Store.
 47744 | Elf:3    | Bought a scroll of magic mapping for 56 gold pieces
 47902 | Elf:3    | Identified a cursed +0 rod of clouds (11/11) (You found it on level 3 of the Elven Halls)
 47991 | Elf:3    | Received a gift from Trog
 48016 | Elf:3    | Reached skill level 10 in Armour
 48130 | Elf:3    | Cast into the Abyss (a deep elf demonologist)
 48296 | Abyss:2  | Found a corrupted altar of Lugonu.
 48574 | Abyss:2  | Reached skill level 5 in Shields
 48574 | Abyss:2  | Reached XP level 20. HP: 85/222 MP: 29/29
 48894 | Abyss:2  | Paralysed by accursed screaming for 1 turns
 48931 | Abyss:2  | Noticed a lich
 48936 | Abyss:2  | Killed a lich
 48936 | Abyss:2  | Received a gift from Trog
 48962 | Abyss:2  | Noticed a bone dragon
 48973 | Abyss:2  | Killed a bone dragon
 49480 | Abyss:3  | Received a gift from Trog
 49611 | Abyss:3  | Got an abyssal rune of Zot
 49679 | Abyss:3  | Noticed a bone dragon
 49692 | Abyss:3  | Killed a bone dragon
 49695 | Elf:3    | Escaped the Abyss
 49762 | Elf:3    | Received a gift from Trog
 50018 | Elf:3    | Cast into the Abyss (a deep elf sorcerer)
 50028 | Abyss:1  | Noticed an ancient lich
 50032 | Abyss:1  | Killed an ancient lich
 50032 | Abyss:1  | Reached XP level 21. HP: 153/239 MP: 31/31
 50096 | Elf:3    | Escaped the Abyss
 50595 | Elf:3    | Got a fine steel amulet
 50597 | Elf:3    | Identified the amulet of Summertime {rMut rF+ rC+} (You found it on level 3 of the Elven Halls)
 50603 | Elf:3    | Got a steaming iron ring
 50605 | Elf:3    | Got an ancient tin ring
 50607 | Elf:3    | Identified the ring "Acsighau" {Fire rElec} (You found it on level 3 of the Elven Halls)
 50609 | Elf:3    | Identified the ring of Boadodd {Fire rPois rN+ MP+9} (You found it on level 3 of the Elven Halls)
 51200 | Slime:1  | Entered Level 1 of the Pits of Slime
 51750 | Slime:1  | Received a gift from Trog
 51756 | Slime:1  | Got a polished giant spiked club {god gift}
 51762 | Slime:1  | Identified the +5 giant spiked club of Orb Guardian's Regret {freeze, rElec MR+} (Trog gifted it to you on level 1 of the Pits of Slime)
 52239 | Slime:5  | Reached skill level 15 in Evocations
 52270 | Slime:4  | Received a gift from Trog
 52754 | Slime:6  | Entered Level 6 of the Pits of Slime
 53123 | Slime:3  | You fall through a shaft for 2 floors!
 53450 | Slime:6  | Received a gift from Trog
 54123 | Slime:5  | Reached XP level 22. HP: 228/256 MP: 33/33
 54191 | Slime:6  | Noticed the royal jelly
 54224 | Slime:6  | HP: 9/384 [death ooze[the royal jelly] (12)]
 54224 | Slime:6  | Demolished by a death ooze

Vault maps used:
D:1:      scummos_arrival_gate
D:2:      uniq_robin
D:3:      first_bread, serial_bayou_pond_a, minmay_strange_pillars,
          uniq_crazy_yiuf_cottage, uniq_jessica
D:5:      gammafunk_temple_overflow_forgotten, grunt_gozag_statues
D:6:      temple_fountains, kennysheep_generic_room_10, uniq_eustachio
D:7:      nicolae_qazlal_general_emergency
D:8:      fedhas_altar_2, nicolae_dithmenos_shadow_blocks, lemuel_round_altar,
          dpeg_oklobed_lair, uniq_psyche, uniq_grum
D:9:      lemuel_troll_bridge, kennysheep_mini_moat, blue_anna_alchemist
D:10:     uniq_sonja
D:11:     erik_orc_1
D:12:     serial_shops, bzr_entry_road, uniq_erolcha, uniq_nessos
D:13:     grunt_ministairs_14, columned_hall_lemuel, stair_cage_line
D:14:     david_vaults_1, kennysheep_nondescript, minivault_4
D:15:     grunt_enter_depths_magical_seal, roderic_lattice_a
Lair:2:   worms_lemuel
Lair:3:   elwin_shoals_entry_stream, guppyfry_snake_entry_island,
          serial_bayou_shore_a, grunt_megastairs_3, uniq_harold
Lair:5:   nicolae_quartered_pool_medium
Lair:6:   minmay_lair_venomous_thicket, st_stairs_11,
          eino_small_chamber_without_monster, beast_lair_carwin_9
Lair:7:   lemuel_slime, serial_bayou_lagoon_a, grunt_megastairs_2,
          infiniplex_staircase_pool_2
Lair:8:   hangedman_lair_tendril_chambers, hangedman_lair_caniforms_friends,
          slime_dummy, minivault_24, minivault_24, infiniplex_staircase_pool,
          lemuel_fruit_tree
Snake:1:  serial_bayou_shore_b
Snake:3:  cheibrodos_snake_ritualist_ritual, basic_altar, serial_bayou_shore_b,
          uniq_aizul, uniq_louise
Snake:4:  grunt_snake_rune_serpentine_throne, basic_altar
Orc:3:    serial_shops, shop_statue, nicolae_shop_statue_plus, shop,
          nicolae_orc_pool_cavern, amalloy_card_club
Orc:4:    grunt_orc_community_town_hall, grunt_orc_community_big_house_1,
          grunt_orc_community_big_house_2, grunt_orc_community_house_3,
          grunt_orc_community_house_1, grunt_orc_community_house_2,
          grunt_orc_community_house_3, grunt_orc_community_house_2,
          grunt_orc_community_house_1, serial_shops, shop
Elf:1:    eino_elf_arrival_the_gate, hangedman_corner_corridor
Elf:3:    elf_hall, serial_shops, shop, st_stairs_4
Depths:1: enter_ziggurat_c, hangedman_abyss_or_decor_slice, abyss_entry,
          hell_entry, hangedman_elemental_death_ray
Depths:2: box_level_dp, hell_entry, uniq_sojobo, uniq_nikola, uniq_wiglaf
Depths:3: kennysheep_six_static_rooms, minmay_misc_feat_nine_boxes, hell_entry,
          serial_shops, shop, pan_entry, minivault_10,
          infiniplex_staircase_zigzag_1
Abyss:1:  evilmike_abyss_exit_disperse
Abyss:2:  bh_abyss_exit_choice
Abyss:3:  grunt_abyss_rune_sword_and_sorcery, hangedman_abyss_or_decor_clamps
Bazaar:   bazaar_short_row

Action                   |  1- 3 |  4- 6 |  7- 9 | 10-12 | 13-15 | 16-18 | 19-21 | 22-24 || total
-------------------------+-------+-------+-------+-------+-------+-------+-------+-------++-------
Melee: Mace              |    77 |   171 |   307 |       |       |       |       |       ||   555
       Giant club        |       |       |    62 |   208 |       |       |       |       ||   270
       Giant spiked club |       |       |       |   203 |  1216 |   794 |  1024 |    11 ||  3248
 Fire: Blowgun           |       |       |       |       |     1 |       |     2 |       ||     3
Throw: Tomahawk          |       |       |     4 |     9 |    21 |       |       |       ||    34
       Large rock        |       |       |       |       |    31 |   169 |   171 |       ||   371
       Javelin           |       |       |       |       |       |    32 |    10 |       ||    42
Invok: Berserk           |     1 |     3 |     5 |     8 |     5 |     6 |     2 |     1 ||    31
       Burn Spellbooks   |       |       |     1 |     2 |     2 |     2 |     4 |       ||    11
       Brothers in Arms  |       |       |       |     5 |     5 |     5 |    10 |     2 ||    27
       Trog's Hand       |       |       |       |       |       |     1 |     7 |     1 ||     9
Evoke: Wand              |       |       |       |     4 |     6 |     9 |    10 |     1 ||    30
       Deck              |       |       |       |       |     6 |     2 |       |       ||     8
       Box of beasts     |       |       |       |       |       |    10 |     1 |       ||    11
       Sack of spiders   |       |       |       |       |       |     9 |       |       ||     9
       Stone of tremors  |       |       |       |       |       |       |     3 |       ||     3
       Disc of storms    |       |       |       |       |       |       |     2 |       ||     2
       Phantom mirror    |       |       |       |       |       |       |     1 |       ||     1
       Rod               |       |       |       |       |       |       |       |     1 ||     1
  Use: Scroll            |       |       |    13 |     6 |    13 |    17 |    13 |     1 ||    63
       Potion            |       |       |     4 |     1 |     3 |     3 |     6 |     1 ||    18
 Stab: Sleeping          |       |     3 |     1 |     3 |     8 |     4 |     4 |       ||    23
       Distracted        |       |       |       |       |     2 |     7 |     3 |       ||    12
  Eat: Chunk             |     2 |     8 |    10 |    24 |    37 |    12 |    12 |       ||   105
       Fruit             |       |       |     3 |     1 |    12 |    31 |     8 |       ||    55
       Meat ration       |       |       |     1 |       |       |       |     1 |       ||     2
       Royal jelly       |       |       |       |     1 |     1 |     1 |     2 |       ||     5
       Pizza             |       |       |       |     1 |       |       |     1 |       ||     2
       Bread ration      |       |       |       |       |     1 |     4 |     4 |       ||     9
       Beef jerky        |       |       |       |       |       |     3 |     1 |       ||     4
